 Dungeon Crawl Stone Soup version 0.22-a0-596-gfbd32a6 (webtiles) character file.

5540 Amnesiac the Fetichist (level 10, -2/42 (44) HPs)
             Began as a Spriggan Artificer on July 5, 2018.
             Was an Initiate of Gozag.
             Slain by a wight
             ... wielding a +5 mace
              (15 damage)
             ... on level 9 of the Dungeon.
             The game lasted 00:24:39 (13630 turns).

Amnesiac the Fetichist (Spriggan Artificer)        Turns: 13630, Time: 00:24:40

HP:   -2/42 (44)    AC:  5    Str: 11    XL:     10   Next: 43%
MP:   24/24         EV: 17    Int: 12    God:    Gozag
Gold: 385           SH:  5    Dex: 18    Spells: 9/9 levels left

rFire    + . .     SeeInvis +   a - +1 whip (elec)
rCold    . . .     Gourm    .   h - +0 buckler
rNeg     . . .     Faith    .   p - +0 robe
rPois    .         Spirit   .   (helmet restricted)
rElec    .         Reflect  .   E - +2 cloak
rCorr    .         Harm     .   (gloves unavailable)
MR       +....                  (boots unavailable)
Stlth    +.........             (no amulet)
HPRegen  0.14/turn              o - ring of loudness (curse)
MPRegen  0.19/turn              v - ring of protection from fire

@: drained, very quick
A: very small, unfitting armour, see invisible, herbivore, speed 3, slow
metabolism 2
a: Potion Petition, Call Merchant, Bribe Branch, Renounce Religion


You were on level 9 of the Dungeon.
You worshipped Gozag.
Gozag was aware of your devotion.
You were very full.

You visited 2 branches of the dungeon, and saw 10 of its levels.
You also visited: Ossuary.

You collected 1814 gold pieces.
You spent 1375 gold pieces at shops.
You paid 54 gold pieces to Gozag.

Inventory:

Hand Weapons
 a - a +1 whip of electrocution (weapon)
 b - a +0 hunting sling
 g - a +0 dagger of protection
 w - a +1 dagger of freezing
 C - the +3 flail of Popular Demand {freeze, +Rage MR++ Str-5}
   (You took it off an orc on level 5 of the Dungeon)

   It has been specially enchanted to freeze those struck by it, causing extra
   injury to most foes and up to half again as much damage against particularly
   susceptible opponents.
   It can also slow down cold-blooded creatures.
   It affects your strength (-5).
   It affects your resistance to hostile enchantments.
   It lets you go berserk.
 I - a +0 war axe of venom
Missiles
 e - 13 sling bullets
 l - 233 stones (quivered)
 t - 4 needles of sleeping
 A - 3 throwing nets
Armour
 h - a +0 buckler (worn)
 p - a +0 robe (worn)
 E - a +2 cloak (worn)
Jewellery
 o - a cursed ring of loudness (left hand)
 q - an uncursed ring of wizardry
 v - a ring of protection from fire (right hand)
 x - a +5 ring of dexterity
 N - an uncursed ring of protection from magic {unknown}
Wands
 c - a wand of flame (15)
 d - a wand of enslavement (15)
 G - a wand of iceblast (7)
 H - a wand of acid (7)
 J - a wand of clouds (5)
 R - a wand of random effects (14)
Scrolls
 s - a scroll of enchant weapon {!r}
 u - a scroll of blinking {!r}
 y - a scroll of fog {!r, unknown}
 B - 3 scrolls of enchant armour {!r}
 D - 3 scrolls of amnesia {!r}
 F - 2 scrolls of remove curse {!r}
 L - a scroll of fear {!r}
 M - 4 scrolls of identify {!r}
 O - a scroll of magic mapping {!r, unknown}
 S - a scroll of teleportation {!r}
Potions
 i - 2 potions of resistance {!q}
 j - 8 potions of curing {!q}
 k - 4 potions of lignification {!q}
 m - a potion of mutation {!q}
 n - 2 potions of ambrosia {!q}
 r - 3 potions of agility {!q}
 z - 4 potions of heal wounds {!q}
 K - 2 potions of degeneration {!q, unknown}
 Q - a potion of haste {!q}
Miscellaneous
 P - a phial of floods
Comestibles
 f - 6 rations


   Skills:
 - Level 0.7(0.1) Fighting
 - Level 1.1(0.5) Short Blades
 - Level 3.0(2.4) Dodging
 - Level 1.5(0.9) Stealth
 + Level 18.8(17.9) Evocations


You had 9 spell levels left.
You didn't know any spells.
Your spell library contained the following spells:

 Spells                   Type           Power        Failure   Level  Hunger
 Animate Dead             Necr           N/A          99%         4    #####..
 Pain                     Necr           #...         50%         1    ##.....
 Animate Skeleton         Necr           N/A          50%         1    ##.....
 Vampiric Draining        Necr           #.........   86%         3    ####...
 Regeneration             Chrm/Necr      #.........   86%         3    ####...


Dungeon Overview and Level Annotations

Branches:
Dungeon (9/15)             Temple (1/1) D:4
   Lair: D:8-11         Orc: D:9-12

Altars:
Ashenzari
Cheibriados
Dithmenos
Elyvilon
Fedhas
Gozag
Hepliaklqana
Kikubaaqudgha
Makhleb
Nemelex Xobeh
Okawaru
Qazlal
Ru
Sif Muna
Trog
Uskayaw
Vehumet
Wu Jian
Xom
Yredelemnul
Zin
The Shining One

Shops:
D:4 (%}*:   D:8 =


Innate Abilities, Weirdness & Mutations

You are very small and have problems with some larger weapons.
You are too small for most types of armour.
You have supernaturally acute eyesight. (SInv)
You are a herbivore.
You cover ground extremely quickly.
You need to consume almost no food.


Message History

A jelly comes into view.
The jelly quivers.
A jelly is nearby!
The jelly barely misses you.
You hit the jelly. Lightning courses through the jelly! The acid corrodes you!
Your hands burn!
The jelly is severely wounded.
The jelly misses you.
You hit the jelly. Lightning courses through the jelly!
Your hands burn!
The jelly is almost dead.
You block the jelly's attack.
You hit the jelly but do no damage.
Your hands burn!
The jelly is almost dead.
You block the jelly's attack.
You hit the jelly but do no damage.
Your hands burn!
The jelly is almost dead.
The jelly barely misses you.
You hit the jelly. Lightning courses through the jelly!
You kill the jelly!
No target in view!
You start resting.
HP restored.
You start resting.
You are no longer corroded.
You now have 385 gold pieces (gained 6).
A mummy and a wight come into view.
There are monsters nearby!
There are monsters nearby!
You swing at nothing.
You swing at nothing.
You swing at nothing.
You swing at nothing.
You hit the wight.
The wight is lightly damaged.
The wight closely misses you.
You hit the wight but do no damage. Lightning courses through the wight!
The wight is severely damaged.
The wight barely misses you.
You closely miss the wight.
The wight is severely damaged.
The wight closely misses you.
You barely miss the wight.
The wight is severely damaged.
You block the wight's attack.
You hit the wight but do no damage.
The wight is severely damaged.
The wight hits you with an enchanted mace.
You feel drained.
You hit the wight.
The wight is severely damaged.
The wight hits you with an enchanted mace!
You feel drained.
You closely miss the wight.
The wight is severely damaged.
The wight closely misses you.
You hit the wight but do no damage.
The wight is severely damaged.
The wight hits you with an enchanted mace!
* * * LOW HITPOINT WARNING * * *
You closely miss the wight.
The wight is severely damaged.
The wight hits you with an enchanted mace!
You die...
Your body crumbles into a pile of gold.

#################### $
≈≈≈≈≈≈≈≈≈≈≈≈≈≈≈≈≈≈≈≈
≈≈≈≈≈≈≈≈≈≈≈≈≈≈≈≈≈≈≈≈
....................
#.###.#..###...####
#.###...####.####
..##..###.......#
+....####.......#######
##.....##.......@zM...#
######..........####.....
# ####.......# z.. #
####.#### . # #.# #.# #.#
#####.### #
#####.......###


You could see a mummy and a wight.

Vanquished Creatures
  Erolcha (D:9)
  Pikel (D:4)
  Grinder (D:3)
  2 hungry ghosts
  2 ice beasts
  3 orc warriors
  A sky beast (D:6)
  2 black bears
  A phantom (D:8)
  A slave (D:3)
  4 necrophages
  5 ogres
  A crocodile (D:4)
  3 elf zombies (Ossuary)
  2 bullfrogs (D:6)
  A water moccasin zombie (D:7)
  A scorpion (D:4)
  A wight (D:9)
  4 killer bees (D:9)
  3 howler monkeys
  4 crimson imps
  3 hounds
  2 centaur zombies
  2 human zombies (Ossuary)
  7 orc priests
  2 jellies
  8 orc wizards
  2 bullfrog skeletons
  An iguana (D:8)
  4 worker ants
  A statue (D:6)
  4 hound zombies
  A hound skeleton (D:4)
  3 mummies (Ossuary)
  14 adders
  6 gnolls
  A white imp (D:6)
  An ooze (D:3)
  2 adder zombies (Ossuary)
  4 worms
  7 leopard geckos
  35 orcs
  9 giant cockroaches
  3 gnoll zombies (Ossuary)
  9 goblins
  2 hobgoblins (D:3)
  10 jackals
  7 kobolds
  3 quokkas
  2 ball pythons (D:4)
  10 bats
  4 frilled lizards
  4 goblin zombies
  A jackal skeleton (D:7)
  2 jackal zombies (Ossuary)
  3 kobold zombies (Ossuary)
  A quokka skeleton (D:5)
  4 quokka zombies (Ossuary)
  5 rats
  8 rat zombies
241 creatures vanquished.

Vanquished Creatures (others)
  An adder (D:5)
1 creature vanquished.

Grand Total: 242 creatures vanquished

Notes
Turn   | Place    | Note
-------+----------+-------------------------------------------
     0 | D:1      | Amnesiac the Spriggan Artificer began the quest for the Orb.
     0 | D:1      | Reached XP level 1. HP: 9/9 MP: 4/4
   388 | D:1      | Reached XP level 2. HP: 11/14 MP: 6/6
   641 | D:3      | Reached skill level 5 in Evocations
   701 | D:4      | Reached skill level 6 in Evocations
   701 | D:4      | Reached XP level 3. HP: 17/17 MP: 6/8
   707 | D:4      | Noticed an ogre
   713 | D:4      | Killed an ogre
   713 | D:4      | Reached skill level 7 in Evocations
   713 | D:4      | Reached XP level 4. HP: 21/21 MP: 7/10
   713 | D:4      | Reached XP level 5. HP: 25/25 MP: 7/11
   738 | D:4      | Found Tabigh's Gadget Emporium.
   745 | D:4      | Noticed an ogre
   750 | D:4      | Killed an ogre
   750 | D:4      | Reached skill level 8 in Evocations
   803 | D:4      | Found Zofufreagh's Food Boutique.
   822 | D:4      | Reached skill level 9 in Evocations
   822 | D:4      | Reached XP level 6. HP: 29/29 MP: 13/13
   847 | D:4      | Found Gaupo's Antique Weapon Shop.
   986 | D:4      | HP: 1/29 [bullfrog skeleton (4)]
  1280 | D:4      | Found Rudgh's Book Emporium.
  1628 | D:4      | Found a staircase to the Ecumenical Temple.
  1638 | Temple   | Entered the Ecumenical Temple
  1701 | Temple   | Became a worshipper of Gozag Ym Sagoz the Greedy
  3248 | D:2      | Reached skill level 10 in Evocations
  3819 | D:2      | Found an ancient bone altar of Kikubaaqudgha.
  3819 | D:2      | Found a sacrificial altar of Ru.
  3978 | D:3      | Found a stormy altar of Qazlal.
  4979 | D:3      | Noticed Grinder
  4996 | D:3      | Killed Grinder
  4996 | D:3      | Reached skill level 11 in Evocations
  4996 | D:3      | Reached XP level 7. HP: 32/32 MP: 14/16
  5308 | D:3      | Found a snail-covered altar of Cheibriados.
  5674 | D:4      | Found Qohid's General Store.
  5885 | D:5      | Entered Level 5 of the Dungeon
  5885 | D:5      | Noticed Edmund
  5899 | D:4      | Noticed Edmund
  5899 | D:4      | Edmund changed into Edmund the naga
  5901 | D:4      | Noticed Edmund
  5901 | D:4      | Edmund the naga changed into Edmund the rime drake
  5903 | D:4      | Noticed Edmund
  5903 | D:4      | Edmund the rime drake changed into Edmund the spiny frog
  5913 | D:4      | Noticed Edmund
  5913 | D:4      | Edmund the spiny frog changed into Edmund the rime drake
  5914 | D:4      | Noticed Edmund
  5914 | D:4      | Edmund the rime drake changed into Edmund the crocodile
  5938 | D:4      | Killed Edmund the crocodile
  6207 | D:5      | Found a shattered altar of Ashenzari.
  6207 | D:5      | Noticed Pikel
  6330 | D:6      | Reached skill level 12 in Evocations
  6582 | D:6      | Reached XP level 8. HP: 28/37 MP: 18/18
  7227 | D:4      | Bought a wand of flame (31) for 214 gold pieces
  7227 | D:4      | Bought a wand of flame (36) for 247 gold pieces
  7825 | D:4      | Killed Pikel
  7825 | D:4      | Reached skill level 14 in Evocations
  7927 | D:5      | Found a hazy altar of Hepliaklqana.
  8199 | D:5      | Got an iridescent flail {freeze}
  8200 | D:5      | Identified the +3 flail of Popular Demand {freeze, +Rage MR++ Str-5} (You took it off an orc on level 5 of the Dungeon)
  8725 | D:6      | Reached XP level 9. HP: 29/40 MP: 21/21
  8890 | D:6      | Found a radiant altar of Vehumet.
  8915 | D:6      | Reached skill level 15 in Evocations
  9638 | D:4      | Bought a wand of acid (10) for 364 gold pieces
  9975 | D:7      | Reached skill level 16 in Evocations
 10015 | D:7      | Found a white marble altar of Elyvilon.
 10467 | D:7      | Found a basalt altar of Yredelemnul.
 11000 | D:8      | You fall through a shaft!
 11012 | D:9      | Reached skill level 17 in Evocations
 11043 | D:8      | Found an ornate altar of the Wu Jian Council.
 11045 | D:8      | Found a hide-covered altar of Uskayaw.
 11065 | D:8      | Found Pouptyh's Jewellery Shoppe.
 11109 | D:8      | Found a sand-covered staircase.
 11116 | Ossuary  | Entered an ossuary
 11889 | Ossuary  | Reached XP level 10. HP: 25/44 MP: 23/23
 12505 | D:8      | Found a deep blue altar of Sif Muna.
 12951 | D:4      | Bought a phial of floods for 440 gold pieces
 12951 | D:4      | Bought a potion of haste for 110 gold pieces
 13044 | D:9      | Reached skill level 18 in Evocations
 13247 | D:9      | Found a shimmering altar of Xom.
 13328 | D:9      | Noticed Erolcha
 13330 | D:9      | Killed Erolcha
 13630 | D:9      | Slain by a wight

Vault maps used:
D:1:      nzn_arrival_crosshair
D:2:      kennysheep_big_flooded_room, gammafunk_temple_overflow_elements
D:3:      cheibriados_altar_1, grunt_qazlal_sundering, uniq_grinder
D:4:      minmay_temple_entry_enclosed_plants, first_ration, serial_shops, shop,
          shop, nicolae_shop_crystal, nicolae_shop_behind_doors, shop
D:5:      cheibrodos_ashenzari_chains, marbit_many_paths, uniq_pikel,
          uniq_edmund
D:6:      vehumet_statue, kennysheep_nub
D:7:      overflow_temple_1_default, yredelemnul_altar_generic
D:8:      led_sif_pool, grunt_temple_overflow_open, enter_ossuary_4,
          serial_shops, nicolae_shop_stone
D:9:      xom_butterflies, erik_orc_2, serial_undead, serial_undead_a,
          serial_undead_d, serial_undead_d, serial_undead_b, uniq_erolcha
Temple:   compressed_dpeg_circular_temple
Ossuary:  minmay_ossuary_two_tombs

Skill      XL: |  1  2  3  4  5  6  7  8  9 10 |
---------------+-------------------------------+-----
Evocations     | 6 7 9 11 12 14 17 18 | 18.8
Fighting       | |  0.7
Short Blades   | |  1.1
Dodging        | |  3.0
Stealth        | |  1.5

Action                   |  1- 3 |  4- 6 |  7- 9 | 10-12 || total
-------------------------+-------+-------+-------+-------++-------
Melee: Short sword       |    38 |     4 |       |       ||    42
       Dagger            |       |   240 |   173 |       ||   413
       Whip              |       |       |   273 |   126 ||   399
 Fire: Hunting sling     |       |    88 |   366 |       ||   454
Evoke: Wand              |     7 |    18 |    86 |     8 ||   119
  Use: Scroll            |       |    12 |     7 |       ||    19
       Potion            |       |     1 |       |       ||     1
 Stab: Sleeping          |     1 |       |       |       ||     1
       Distracted        |       |     1 |     1 |     1 ||     3
  Eat: Ration            |       |     3 |     3 |     4 ||    10
Armor: Robe              |     6 |    22 |    94 |    17 ||   139
Dodge: Dodged            |    35 |   190 |   466 |    68 ||   759
Block: Buckler           |    11 |    78 |   157 |    24 ||   270

Table legend:
 A = Spawn XP
 B = Non-spawn XP
 C = Spawn XP percentage of total XP
 D = Spawn monster count
 E = Non-spawn monster count
 F = Spawn count percentage of total count
 G = Total turns spent on level
                    A         B        C        D         E        F      G
               +---------+---------+-------+---------+---------+-------+---------
         Total |       0 |    7915 |   0.0 |       0 |     240 |   0.0 | 13630
               +---------+---------+-------+---------+---------+-------+---------
           D:1 |       0 |      63 |   0.0 |       0 |      21 |   0.0 |  1297
           D:2 |       0 |     122 |   0.0 |       0 |      23 |   0.0 |  1974
           D:3 |       0 |     431 |   0.0 |       0 |      31 |   0.0 |  1899
           D:4 |       0 |    1432 |   0.0 |       0 |      23 |   0.0 |  1985
           D:5 |       0 |     434 |   0.0 |       0 |      19 |   0.0 |  1138
           D:6 |       0 |     978 |   0.0 |       0 |      26 |   0.0 |  1416
           D:7 |       0 |     719 |   0.0 |       0 |      15 |   0.0 |  1117
           D:8 |       0 |    1110 |   0.0 |       0 |      27 |   0.0 |  1047
           D:9 |       0 |    2077 |   0.0 |       0 |      19 |   0.0 |   644
       Ossuary |       0 |     549 |   0.0 |       0 |      36 |   0.0 |  1036
               +---------+---------+-------+---------+---------+-------+---------
